 Dungeon Crawl Stone Soup version 0.32-a0-799-g95e1662365 (webtiles) character file.

Game seed: 5863204527074505956

96 porpoise the Poker (level 4, -3/35 HPs)
             Began as a Demonspawn Gladiator on Mar 22, 2024.
             Slain by a gnoll sergeant
             ... wielding a +0 spear
              (6 damage)
             ... on level 3 of the Dungeon.
             The game lasted 00:03:54 (1304 turns).

porpoise the Poker (Demonspawn Gladiator)           Turns: 1304, Time: 00:03:54

Health: -3/35      AC:  6    Str: 16    XL:     4   Next: 41%
Magic:  4/4        EV: 11    Int:  9    God:
Gold:   83         SH:  0    Dex: 14    Spells: 3/3 levels left

rFire   . . .        a - +0 trident
rCold   . . .        (no shield)
rNeg    . . .        b - +0 leather armour
rPois   .            c - +0 helmet
rElec   .            (no cloak)
rCorr   .            (no gloves)
SInv    .            j - +0 pair of boots
Will    .....        (no amulet)
Stlth   +            (no ring)
HPRegen 0.25/turn    (no ring)
MPRegen 0.09/turn

%: no passive effects
@: no status effects
A: claws 1, sharp scales 1
a: no special abilities


You were on level 3 of the Dungeon.
You visited 1 branch of the dungeon, and saw 3 of its levels.

You collected 83 gold pieces.

Inventory:

Hand Weapons
 a - a +0 trident (weapon)
Missiles
 d - 2 throwing nets (quivered)
 e - a javelin
Armour
 b - a +0 leather armour (worn)
 c - a +0 helmet (worn)
 j - a +0 pair of boots (worn)
Scrolls
 f - 2 scrolls of teleportation
 g - 4 scrolls of vulnerability {unknown}
 k - a scroll of torment {unknown}
 l - a scroll of silence {unknown}
Potions
 h - 2 potions of curing {unknown}
 i - 2 potions of magic


   Skills:
 + Level 3.1 Fighting
 * Level 4.2 Polearms
 - Level 1.7 Throwing
 - Level 2.6 Dodging


You had 3 spell levels left.
You didn't know any spells.
Your spell library was empty.

Dungeon Overview and Level Annotations

Branches:
Dungeon (3/15)

Altars:

Annotations:
D:2 Sigmund


Innate Abilities, Weirdness & Mutations

You have sharp fingernails.
You are partially covered in razor-sharp scales. (AC +1, Slay +1)


Message History

You closely miss the gnoll.
The gnoll sergeant shouts!
The gnoll hits you with a +0 club. The gnoll attacks as it pursues you!
The gnoll hits you with a +0 club.
You see here 5 gold pieces.
You barely miss the gnoll. The gnoll barely misses you.
You puncture the gnoll!
The gnoll is severely wounded.
The gnoll hits you with a +0 club. The gnoll attacks as it pursues you!
The gnoll closely misses you.
Things that are here:
a +0 club; a +0 robe The gnoll attacks as it pursues you!
The gnoll hits you but does no damage. The gnoll attacks as it pursues you!
The gnoll closely misses you.
The gnoll throws a stone.
The stone barely misses you. The gnoll attacks as it pursues you!
The gnoll hits you but does no damage.
The gnoll throws a stone.
The stone completely misses you.
Things that are here:
a +0 spear; a gnoll corpse
Things that are here:
a +0 flail; a gnoll corpse The gnoll attacks as it pursues you!
The gnoll hits you with a +0 club!
You hit the gnoll.
The gnoll is almost dead.
The gnoll barely misses you.
You hit the gnoll.
You kill the gnoll!
The gnoll sergeant hits you from afar with a +0 spear.
The gnoll sergeant hits you from afar with a +0 spear!
* * * LOW HITPOINT WARNING * * *
Reach: a) +0 trident
Press: ? - help, Dir - move target, f - gnoll sergeant
Aim: a gnoll sergeant, wielding a +0 spear and wearing a +0 scale mail (about 31% to evade your +0 trident)
You reach to attack!
You hit the gnoll sergeant.
The gnoll sergeant is lightly wounded.
The gnoll sergeant hits you from afar with a +0 spear!
* * * LOW HITPOINT WARNING * * *
The gnoll sergeant attacks as it pursues you!
The gnoll sergeant hits you from afar with a +0 spear.
You die...

###
#.#######
#.g.@..<#
#.#####.#
#.# #.#
#$# #.#
#######g#
#.#
#...%...#
#.# #
#.......#
#.##### .
#.......#
#.....# .
#.......#
#####.#


You could see a gnoll sergeant.

Vanquished Creatures
  A bombardier beetle (D:3)
  An adder (D:3)
  3 gnolls (D:3)
  A dart slug (D:1)
  A bat (D:1)
  An endoplasm (D:1)
  A giant cockroach (D:2)
  5 goblins
  6 hobgoblins
  3 ball pythons (D:1)
  A frilled lizard (D:1)
  3 kobolds
  2 rats (D:1)
29 creatures vanquished.

Notes
Turn   | Place    | Note
-------+----------+-------------------------------------------
     0 | D:1      | porpoise the Demonspawn Gladiator began the quest for the
                  | Orb.
     0 | D:1      | Reached XP level 1. HP: 16/16 MP: 1/1
   115 | D:1      | Reached skill level 3 in Polearms
   140 | D:1      | Gained mutation: You are partially covered in razor-sharp
                  | scales. (AC +1, Slay +1) [demonic ancestry]
   140 | D:1      | Reached XP level 2. HP: 22/22 MP: 2/2
   902 | D:2      | Found a faded altar of an unknown god.
  1043 | D:2      | Noticed Sigmund
  1057 | D:3      | Noticed a bombardier beetle
  1061 | D:3      | Gained mutation: You have sharp fingernails. [demonic
                  | ancestry]
  1061 | D:3      | Reached XP level 3. HP: 20/28 MP: 3/3
  1175 | D:3      | Reached skill level 4 in Polearms
  1175 | D:3      | Reached XP level 4. HP: 23/35 MP: 4/4
  1279 | D:3      | Noticed a gnoll sergeant
  1304 | D:3      | Slain by a gnoll sergeant

Illustrated notes

Levels and vault maps discovered:
D:1:      beargit_arrival_diablo_church, layout_basic,
          ebering_dispersal_statue_hall, minmay_misc_feat_ornament
D:2:      layout_rooms, ebering_ecumenical_altar_rust, minmay_octomino_e4,
          uniq_sigmund
D:3:      gammafunk_steamed_eel, layout_basic, grunt_temple_overflow_open,
          uniq_ijyb

Skill      XL: |  1  2  3 |
---------------+----------+-----
Polearms       | 3 4 |  4.2
Fighting       | 3 |  3.1
Throwing       | |  1.7
Dodging        | |  2.6

Action                     |  1- 3 |  4- 6 || total
---------------------------+-------+-------++-------
  Melee: Trident           |    86 |    13 ||    99
  Throw: Throwing net      |       |     1 ||     1
    Use: Scroll            |     3 |       ||     3
 Armour: Leather armour    |    58 |    13 ||    71
  Dodge: Dodged            |    45 |    10 ||    55

Table legend: (Time is in decaauts)
 A = Elapsed time spent in this place.
 B = Non-inter-level travel time spent in this place.
 C = Inter-level travel time spent in this place.
 D = Time resting spent in this place.
 E = Time spent auto-exploring this place.
 F = Levels seen in this place.
 G = Mean time per level.
                   A        B        C        D        E       F      G
               +--------+--------+--------+--------+--------+-----+--------+
         Total |   1317 |   1274 |     43 |    226 |    742 |   3 |  439.0 |
       Dungeon |   1317 |   1274 |     43 |    226 |    742 |   3 |  439.0 |
               +--------+--------+--------+--------+--------+-----+--------+

Top non-repeatable levels by time:
     D:1: 868 daAuts
     D:3: 248 daAuts
     D:2: 200 daAuts
